 Dungeon Crawl Stone Soup version 0.23.2-1-ga50397a (webtiles) character file.

Game seed: 16462695429244478087

3538 MalarOregon the Shield-Bearer (level 10, -1/66 HPs)
             Began as a Formicid Fire Elementalist on May 15, 2019.
             Was a Follower of Hepliaklqana.
             Slain by a red ugly thing (16 damage)
             ... on level 6 of the Dungeon.
             The game lasted 00:31:07 (12175 turns).

MalarOregon the Shield-Bearer (FoFE)               Turns: 12175, Time: 00:31:09

Health: -1/66      AC:  7    Str: 19    XL:     10   Next: 29%
Magic:  11/17      EV: 13    Int: 16    God:    Hepliaklqana [*.....]
Gold:   382        SH: 10    Dex: 12    Spells: 9/19 levels left

rFire    . . .     SeeInvis +   J - +3 great sword
rCold    . . .     Gourm    .   p - +0 shield
rNeg     . . .     Faith    .   u - +1 leather armour {MR+}
rPois    .         Spirit   .   (helmet unavailable)
rElec    .         Reflect  .   (no cloak)
rCorr    .         Harm     .   v - +0 pair of gloves
MR       ++...                  A - +0 pair of boots
Stlth    +++.......             (no amulet)
HPRegen  0.21/turn              l - ring of wizardry
MPRegen  0.15/turn              o - ring of wizardry

@: mighty
A: permanent stasis, dig shafts and tunnels, four strong arms, reduced essence,
antennae 3
a: Dig, Shaft Self, Recall Ancestor, Ancestor Identity, Renounce Religion


You were on level 6 of the Dungeon.
You worshipped Hepliaklqana.
Hepliaklqana was aware of your devotion.
You were not hungry.

You visited 2 branches of the dungeon, and saw 9 of its levels.

You collected 382 gold pieces.

Inventory:

Hand Weapons
 J - a +3 great sword (weapon)
   (You took it off a wight on level 8 of the Dungeon)
Armour
 g - a +3 scale mail
   (You took it off Terence on level 3 of the Dungeon)
 p - a +0 shield (worn)
   (You found it on level 4 of the Dungeon)
 s - a +0 large shield
   (You found it on level 5 of the Dungeon)
 u - a +1 leather armour of magic resistance (worn)
   (You took it off an orc on level 6 of the Dungeon)
 v - a +0 pair of gloves (worn)
   (You found it on level 4 of the Dungeon)
 A - a +0 pair of boots (worn)
   (You found it on level 7 of the Dungeon)
Jewellery
 l - a ring of wizardry (left hand)
   (You found it on level 3 of the Dungeon)
 o - a ring of wizardry (right hand)
   (You found it on level 4 of the Dungeon)
 t - the cursed ring of Egalitarianism {*Corrode +Blink rPois rN++ Str-3, unknown}
   (You found it on level 6 of the Dungeon)

   [ring of strength]

   It affects your strength (-3).
   It protects you from poison.
   It greatly protects you from negative energy.
   It lets you blink.
   It may corrode you when you take damage.
   It has a curse placed upon it.
Wands
 d - a wand of iceblast (14)
   (You took it off Ijyb on level 3 of the Dungeon)
 x - a wand of acid (7)
   (You found it on level 2 of the Dungeon)
Scrolls
 b - 6 scrolls of magic mapping
 m - 5 scrolls of remove curse {@r2}
 q - 5 scrolls of identify {@r1}
 w - a scroll of fear {unknown}
 y - a scroll of immolation {!r}
 B - a scroll of enchant armour {unknown}
 C - 2 scrolls of fog
 D - a scroll of amnesia {unknown}
 F - a scroll of enchant weapon {unknown}
 G - a scroll of noise {unknown}
 I - 3 scrolls of silence {unknown}
Potions
 a - 4 potions of curing {@q1}
 c - 2 potions of agility {unknown}
 f - a potion of degeneration {unknown}
 i - 2 potions of mutation {unknown}
 j - a potion of cancellation {unknown}
 k - a potion of might
 n - a potion of brilliance {unknown}
 z - a potion of magic {unknown}
 H - a potion of lignification {unknown}
Comestibles
 e - 15 rations {!d}


   Skills:
 + Level 5.0 Fighting
 + Level 5.1 Armour
 + Level 4.7 Dodging
 + Level 6.7 Stealth
 * Level 6.9 Shields
 + Level 5.3 Spellcasting
 + Level 4.3 Conjurations
 + Level 5.6 Fire Magic


You had 9 spell levels left.
You knew the following spells:

 Your Spells              Type           Power        Failure   Level  Hunger
a - Flame Tongue          Conj/Fire      ###..        1%          1    None
q - Sticky Flame          Conj/Fire      ###.....     10%         4    ####...
x - Fireball              Conj/Fire      ###.......   24%         5    ######.

Your spell library contained the following spells:

 Spells                   Type           Power        Failure   Level  Hunger
 Throw Flame              Conj/Fire      ###...       1%          2    #......
 Conjure Flame            Conj/Fire      ###.....     3%          3    ###....
 Beastly Appendage        Tmut           #.....       7%          1    None
 Sandblast                Erth           #.....       7%          1    None
 Inner Flame              Hex/Fire       ##......     7%          3    ###....
 Stone Arrow              Conj/Erth      ##....       9%          3    ###....
 Passwall                 Tmut/Erth      #.......     11%         2    #......
 Sticks to Snakes         Tmut           #.......     11%         2    #......
 Spider Form              Tmut/Pois      #.........   21%         3    ###....
 Ice Form                 Ice/Tmut       #.......     54%         4    ####...
 Petrify                  Tmut/Erth      #.......     54%         4    ####...
 Blade Hands              Tmut           #.........   85%         5    ######.
 Lee's Rapid Deconstruct  Erth           #.........   85%         5    ######.


Dungeon Overview and Level Annotations

Branches:
Dungeon (8/15)             Temple (1/1) D:6
   Lair: D:8-11

Altars:
Ashenzari
Cheibriados
Dithmenos
Elyvilon
Fedhas
Gozag
Hepliaklqana
Kikubaaqudgha
Makhleb
Nemelex Xobeh
Okawaru
Qazlal
Ru
Sif Muna
Trog
Uskayaw
Vehumet
Wu Jian
Xom
Zin
The Shining One

Annotations:
D:7 exclusion: hippogriff


Innate Abilities, Weirdness & Mutations

You cannot be hasted, slowed, berserked, paralysed or teleported.
You can dig through walls and to a lower floor.
Your four strong arms can wield two-handed weapons with a shield.
You have a pair of large antennae on your head. (SInv)
Your life essence is reduced to manifest your ancestor. (-10% HP)


Message History

The red ugly thing claws you.
You are engulfed in flames!
Zulima emerges from the mists of memory!
There is a stone staircase leading up here.
The shadow imp hits Zulima.
Zulima closely misses the red ugly thing.
The red ugly thing claws you but does no damage.
You climb upwards.
Level annotation: exclusion: hippogriff
There is a stone staircase leading down here.
You see here a quarterstaff.
There is an escape hatch in the ceiling here.
Really go through this one-way escape hatch?
The red ugly thing claws you.
You are engulfed in flames!!
* * * LOW HITPOINT WARNING * * *
A mysterious force pulls you upwards. The hatch slams shut behind you.
Unknown command.
You feel very mighty all of a sudden. The red ugly thing claws you.
* * * LOW HITPOINT WARNING * * *
You are engulfed in flames!!
* * * LOW HITPOINT WARNING * * *
Here: a red ugly thing The floor.
You feel better. The red ugly thing misses you.
You riposte.
You barely miss the red ugly thing.
Throwing (i - inventory)
h - a throwing net (quivered)
{!f}
Aim: a red ugly thing Really fire
h - a throwing net {!f}?
You throw a throwing net {!f}.
The throwing net {!f} hits the red ugly thing.
The red ugly thing is caught in the net!
The red ugly thing struggles against the net.
You slash the red ugly thing!
The red ugly thing struggles against the net. x2
You slice the red ugly thing!!
The red ugly thing struggles against the net. x2
The net rips apart, and the red ugly thing comes free!
You feel better. You block the red ugly thing's attack.
You feel better. The red ugly thing closely misses you.
You riposte.
You slash the red ugly thing! You slash the red ugly thing!
The red ugly thing claws you.
* * * LOW HITPOINT WARNING * * *
You are engulfed in flames!
* * * LOW HITPOINT WARNING * * *
The red ugly thing misses you.
Okay, then.
You feel better. The red ugly thing claws you.
* * * LOW HITPOINT WARNING * * *
You are engulfed in flames!
You die...

####.##.?# #.......#.#.#.##.##
.....##??######...>...#.....##.#
###...####...##.......##...###.#
# #..#..####>##.......#........#
##.###.####..####'#####...#####
#.## ##...)....#..##......#
##R###.###.....(.###.##.#.#
#..#..###...##.## #....#.#
#...........##@# #....#.#
###.#####.#..#u# #....#.#
#...<......#.#.# #.#.##.#
#....####.....># ##......#
###...[####......# #.......#
..........##.....# #.##.##.#
..........##.....# #....##.#
......<).###.....# #....##.#
###........[.##### #...###.#


You could see a red ugly thing.

Vanquished Creatures
  A two-headed ogre (D:8)
  A hornet (D:8)
  Grinder (D:6)
  Sigmund (D:4)
  Menkaure (D:6)
  A soldier ant (D:8)
  A hornet zombie (D:6)
  2 orc warriors
  A centaur (D:5)
  A big kobold (D:6)
  2 bullfrogs (D:8)
  2 scorpions
  A killer bee (D:8)
  A wight (D:8)
  5 crimson imps
  2 jellies
  A hound (D:6)
  2 bullfrog skeletons
  2 orc priests
  An orc wizard (D:5)
  Jessica (D:2)
  Terence (D:3)
  An iguana (D:5)
  Ijyb (D:3)
  Natasha (thrice) (D:2)
  4 worker ants
  A hound skeleton (D:4)
  A worker ant zombie (D:3)
  4 gnolls
  6 adders
  2 shadow imps (D:5)
  2 oozes
  An adder skeleton (D:5)
  3 worms
  4 dart slugs
  3 leopard geckos
  14 orcs
  2 ball pythons (D:2)
  8 bats
  9 giant cockroaches
  6 goblins
  7 hobgoblins
  15 jackals
  11 kobolds
  A quokka (D:4)
  4 frilled lizards
  2 jackal skeletons
  A leopard gecko skeleton (D:5)
  7 rats
155 creatures vanquished.

Vanquished Creatures (collateral kills)
  A hungry ghost (D:8)
  Blork the orc (D:6)
  A big kobold (D:6)
  A wyvern zombie (D:8)
  A bullfrog zombie (D:6)
  A hound (D:8)
  An iguana (D:8)
  An orc wizard (D:8)
  An adder (D:8)
  An adder zombie (D:6)
  2 orcs
  A hobgoblin (D:6)
  A jackal (D:6)
  3 kobolds (D:6)
17 creatures vanquished.

Vanquished Creatures (others)
  4 ancestors
4 creatures vanquished.

Grand Total: 176 creatures vanquished

Notes
Turn   | Place    | Note
-------+----------+-------------------------------------------
     0 | D:1      | MalarOregon the Formicid Fire Elementalist began the quest
                  | for the Orb.
     0 | D:1      | Reached XP level 1. HP: 13/13 MP: 3/3
    18 | D:1      | Reached skill level 1 in Conjurations
   303 | D:1      | Reached XP level 2. HP: 19/19 MP: 1/5
   681 | D:1      | Reached XP level 3. HP: 25/25 MP: 1/6
   947 | D:1      | Reached skill level 1 in Armour
  1305 | D:2      | Found an ornate altar of the Wu Jian Council.
  1420 | D:2      | Noticed Jessica
  1438 | D:2      | Reached skill level 1 in Fighting
  1447 | D:2      | Killed Jessica
  1447 | D:2      | Reached XP level 4. HP: 23/32 MP: 0/7
  1547 | D:2      | Noticed Natasha
  1553 | D:2      | Killed Natasha
  1631 | D:2      | Found a hazy altar of Hepliaklqana.
  1814 | D:2      | Reached XP level 5. HP: 37/37 MP: 5/9
  2553 | D:2      | Noticed Natasha
  2566 | D:2      | Killed Natasha
  2957 | D:2      | Noticed Natasha
  2963 | D:2      | Killed Natasha
  3174 | D:2      | Found an ornate altar of the Wu Jian Council.
  3234 | D:2      | Found a hazy altar of Hepliaklqana.
  3581 | D:3      | Reached XP level 6. HP: 44/44 MP: 5/10
  3892 | D:2      | Learned a level 4 spell: Sticky Flame
  3898 | D:2      | Learned a level 5 spell: Fireball
  3984 | D:3      | Noticed Ijyb
  4006 | D:3      | Killed Ijyb
  4413 | D:3      | Found a deep blue altar of Sif Muna.
  4695 | D:3      | Noticed Terence
  4708 | D:3      | Killed Terence
  4809 | D:3      | Found a sparkling altar of Nemelex Xobeh.
  4809 | D:3      | Found an opulent altar of Gozag.
  5034 | D:3      | You fall through a shaft for 2 floors!
  5034 | D:5      | Entered Level 5 of the Dungeon
  5443 | D:4      | Found a radiant altar of Vehumet.
  5444 | D:4      | Noticed Sigmund
  5661 | D:4      | Reached XP level 7. HP: 40/50 MP: 2/11
  6330 | D:1      | Reached skill level 1 in Shields
  7370 | D:5      | Found a shattered altar of Ashenzari.
  7854 | D:6      | Noticed Grinder
  7886 | D:6      | Killed Grinder
  7886 | D:6      | Reached XP level 8. HP: 58/58 MP: 10/13
  8020 | D:4      | Killed Sigmund
  8020 | D:4      | Reached skill level 5 in Stealth
  8241 | D:6      | Found a staircase to the Ecumenical Temple.
  8279 | D:6      | Got a translucent granite ring
  8340 | Temple   | Entered the Ecumenical Temple
  8550 | D:2      | Became a worshipper of Hepliaklqana the Forgotten
  8685 | D:6      | Noticed Menkaure
  8698 | D:6      | Killed Menkaure
  9047 | D:6      | Found a shadowy altar of Dithmenos.
  9104 | D:6      | Reached XP level 9. HP: 13/57 MP: 10/15
  9704 | D:6      | Found a stormy altar of Qazlal.
  9730 | D:6      | Noticed Blork the orc
  9745 | D:6      | Killed Blork the orc
 10276 | D:7      | Reached skill level 5 in Shields
 10294 | D:7      | Noticed a hippogriff
 10585 | D:7      | Reached * piety under Hepliaklqana
 10881 | D:7      | Reached skill level 5 in Fire Magic
 11082 | D:8      | Noticed a hornet
 11088 | D:8      | Killed a hornet
 11300 | D:8      | Found a snail-covered altar of Cheibriados.
 11339 | D:8      | Found an iron altar of Okawaru.
 11554 | D:8      | Found a glowing silver altar of Zin.
 11767 | D:8      | Noticed a two-headed ogre
 11775 | D:8      | Killed a two-headed ogre
 11775 | D:8      | Reached skill level 5 in Spellcasting
 11775 | D:8      | Reached XP level 10. HP: 31/65 MP: 9/17
 11964 | D:8      | Reached skill level 5 in Armour
 12112 | D:8      | Noticed a cyan ugly thing
 12119 | D:8      | Reached skill level 5 in Fighting
 12175 | D:6      | Slain by a red ugly thing

Skill      XL: |  1  2  3  4  5  6  7  8  9 10 |
---------------+-------------------------------+-----
Conjurations   | 1 2 3 4 |  4.3
Armour         | 1 2 3 4 5 |  5.1
Dodging        | 2 3 4 |  4.7
Stealth        | 3 4 5 6 |  6.7
Fighting       | 1 2 3 4 5 |  5.0
Spellcasting   | 3 4 5 |  5.3
Shields        | 2 4 6 |  6.9
Fire Magic     | 4 5 |  5.6

Action                   |  1- 3 |  4- 6 |  7- 9 | 10-12 || total
-------------------------+-------+-------+-------+-------++-------
Melee: Unarmed           |    20 |       |       |       ||    20
       Spear             |    13 |   166 |     7 |       ||   186
       Club              |    11 |       |       |       ||    11
       Halberd           |       |       |   155 |     5 ||   160
       Great sword       |       |       |       |     5 ||     5
Throw: Throwing net      |       |       |     1 |     1 ||     2
 Cast: Flame Tongue      |    53 |    98 |   160 |     3 ||   314
       Sticky Flame      |       |       |    12 |     6 ||    18
       Fireball          |       |       |     1 |       ||     1
Evoke: Wand              |       |     6 |       |       ||     6
  Use: Scroll            |       |     8 |       |       ||     8
       Potion            |       |       |     3 |     5 ||     8
 Stab: Sleeping          |       |     2 |     4 |       ||     6
  Eat: Chunk             |     2 |    13 |    16 |     3 ||    34
       Ration            |       |       |     2 |       ||     2
Armor: Robe              |     5 |       |       |       ||     5
       Ring mail         |    20 |    54 |       |       ||    74
       Scale mail        |       |     4 |    34 |       ||    38
       Leather armour    |       |       |    36 |     4 ||    40
Dodge: Dodged            |    46 |   112 |   105 |    12 ||   275
Block: Shield            |       |     3 |   103 |    11 ||   117
       Rpst.: Great sword |       |       |       |     6 ||     6
